 Dungeon Crawl Stone Soup version 0.31-a0-675-g238779eb0a (webtiles) character file.

Game seed: 17554597963575950995

119841 Dirtsage the Severer (level 16, -4/190 HPs)
             Began as a Demonspawn Berserker on Sept 5, 2023.
             Was a High Priest of Trog.
             Slain by an eleionoma (21 damage)
             ... on level 3 of the Swamp.
             The game lasted 00:58:39 (27275 turns).

Dirtsage the Severer (Demonspawn Berserker)        Turns: 27275, Time: 00:58:40

Health: -4/190     AC:  2    Str: 19    XL:     16   Next: 28%
Magic:  16/16      EV: 15    Int: 14    God:    Trog [*****.]
Gold:   1465       SH:  9    Dex: 13    Spells: 15/15 levels left

rFire   + + .        y - +3 broad axe (heavy)
rCold   + + .        Y - +2 buckler {rN+}
rNeg    + . .        T - +2 scale mail of the Armadillo {Rampage rC+ Str-3}
rPois   +            (helmet unavailable)
rElec   .            H - scarf {rC+ rF+}
rCorr   .            (gloves unavailable)
SInv    +            (no boots)
Will    ++...        W - amulet "Cugyo" {-Cast rPois rF+ Regen+} Stlth
                     u - +5 ring of evasion
HPRegen 1.31/turn    i - ring of willpower
MPRegen 0.15/turn

%: no spellcasting, clarity, rampage
@: berserking, corroded, slow
A: antennae 3, claws 3, demonic guardian 1, ignite blood 2, weakness stinger 2,
clarity, clever 1
a: Renounce Religion, Berserk, Trog's Hand, Brothers in Arms


You were on level 3 of the Swamp.
You worshipped Trog.
Trog was extremely pleased with you.
You visited 6 branches of the dungeon, and saw 27 of its levels.
You also visited: Sewer and Ice Cave.

You collected 2667 gold pieces.
You spent 1202 gold pieces at shops.

Inventory:

Hand Weapons
 y - a +3 heavy broad axe (weapon)
 U - a +1 executioner's axe
 X - a +1 broad axe
 Z - a +2 broad axe of flaming
Missiles
 I - 11 curare-tipped darts
Armour
 a - +1 fire dragon scales
 H - a scarf of resistance (worn)
 P - a +1 tower shield of cold resistance
 T - the +2 scale mail of the Armadillo (worn) {Rampage rC+ Str-3}
   (You found it on level 3 of the Lair of Beasts)

   Str-3:     It affects your strength (-3).
   rC+:       It protects you from cold.
   Rampage:   It bestows one free step when moving towards enemies.
 Y - a +2 buckler of positive energy (worn)
Jewellery
 i - a ring of willpower (right claw)
 u - a +5 ring of evasion (left claw)
 A - a +6 ring of dexterity
 G - a +4 ring of slaying
 R - an amulet of magic regeneration
 W - the amulet "Cugyo" (around neck) {-Cast rPois rF+ Regen+}
   (You found it on level 5 of the Lair of Beasts)

   [amulet of regeneration]

   rF+:       It protects you from fire.
   rPois:     It protects you from poison -Cast: It prevents spellcasting.
   Regen+:    It increases your rate of health regeneration.
Wands
 b - a wand of flame (43)
 v - a wand of mindburst (23)
 L - a wand of acid (10)
 V - a wand of paralysis (7)
Scrolls
 e - 2 scrolls of enchant weapon
 g - 5 scrolls of fear
 j - 7 scrolls of immolation
 k - a scroll of torment
 o - 2 scrolls of butterflies
 r - 2 scrolls of silence
 s - 2 scrolls of brand weapon
 t - 7 scrolls of teleportation
 w - 2 scrolls of fog
 B - 4 scrolls of blinking
 C - 2 scrolls of enchant armour
 F - 4 scrolls of revelation
 O - 4 scrolls of poison
 S - 3 scrolls of vulnerability
Potions
 c - 2 potions of invisibility
 d - 4 potions of might
 f - 5 potions of enlightenment {unknown}
 h - 4 potions of haste
 l - 8 potions of heal wounds
 m - 3 potions of mutation
 n - 3 potions of resistance
 q - 9 potions of curing
 z - 4 potions of brilliance {unknown}
 D - a potion of cancellation
 J - 3 potions of lignification
 K - 4 potions of magic
 M - 4 potions of attraction
 N - 5 potions of berserk rage
Miscellaneous
 p - a condenser vane
 x - a lightning rod (4/4)
 Q - a phial of floods


   Skills:
 + Level 11.8 Fighting
 - Level 20.0 Axes
 + Level 10.6 Armour
 - Level 1.7 Dodging
 * Level 10.9 Shields
 - Level 5.6 Evocations


You had 15 spell levels left.
You didn't know any spells.
Your spell library contained the following spells:

 Spells                   Type           Power      Damage    Failure   Level
 Apportation              Tloc           0%         N/A       63%         1
 Necrotise                Necr           0%         1d4       63%         1
 Shock                    Conj/Air       0%         1d3       63%         1
 Summon Small Mammal      Summ           0%         N/A       63%         1
 Lesser Beckoning         Tloc           0%         N/A       77%         2
 Wereblood                Tmut           0%         N/A       77%         2
 Gell's Gravitas          Tloc           0%         N/A       94%         3
 Inner Flame              Hex/Fire       0%         N/A       94%         3
 Portal Projectile        Hex/Tloc       0%         N/A       94%         3
 Swiftness                Air            0%         N/A       94%         3
 Teleport Other           Tloc           0%         N/A       94%         3
 Tukima's Dance           Hex            0%         N/A       94%         3
 Volatile Blastmotes      Fire/Tloc      0%         2d10      94%         3
 Airstrike                Air            0%         2d(0-16)  100%        4
 Cause Fear               Hex            0%         N/A       100%        4
 Fulminant Prism          Conj/Hex       0%         3d5       100%        4
 Iskenderun's Mystic Bla  Conj/Tloc      0%         2d3       100%        4
 Passage of Golubria      Tloc           0%         N/A       100%        4
 Fireball                 Conj/Fire      0%         3d3       100%        5
 Irradiate                Conj/Tmut      0%         3d11      100%        5
 Silence                  Hex/Air        0%         N/A       100%        5
 Yara's Violent Unravell  Hex/Tmut       0%         3d3       100%        5
 Simulacrum               Ice/Necr       0%         N/A       100%        6
 Enfeeble                 Hex            0%         N/A       100%        7
 Ozocubu's Refrigeration  Ice            0%         4d7       100%        7
 Lehudib's Crystal Spear  Conj/Erth      0%         10d2      100%        8
 Dragon's Call            Summ           0%         N/A       100%        9
 Polar Vortex             Ice            0%         N/A       100%        9


Dungeon Overview and Level Annotations

Branches:
Dungeon (15/15)            Temple (1/1) D:6            Lair (5/5) D:9
  Swamp (3/4) Lair:2       Spider (0/4) Lair:2        Slime (1/5) Lair:4
    Orc (2/2) D:12            Elf (0/3) Orc:2        Vaults (0/5) D:13
 Depths (0/4) D:15          Sewer (visited)           IceCv (visited)

Altars:
Ashenzari
Cheibriados
Dithmenos
Fedhas
Gozag
Hepliaklqana
Kikubaaqudgha
Makhleb
Nemelex Xobeh
Okawaru
Qazlal
Ru
Sif Muna
Trog
Uskayaw
Vehumet
Wu Jian
Xom
Yredelemnul
Jiyva

Shops:
Orc:2 (:**

Portals:
Pandemonium: Orc:2
Trove: D:13 (give 6 potions of haste)


Innate Abilities, Weirdness & Mutations

You have a pair of large antennae on your head. (SInv)
You have claws for hands.
A weak demonic guardian rushes to your aid.
Your demonic aura often causes spilled blood to erupt in flames.
You have a tail ending in a sharp stinger.
You possess an exceptional clarity of mind.
Your mind is acute. (Int +4, Str/Dex -1)


Message History

You rampage towards the goliath frog!
Your unstable footing causes you to fumble your attack.
The goliath frog hits you! The acid corrodes you!
You are splashed with acid!
You take 24 damage, and have 103/127 hp.
You miss the goliath frog.
The goliath frog hits you but does no damage.
Your unstable footing causes you to fumble your attack.
The goliath frog barely misses you.
An eleionoma comes into view.
You barely miss the goliath frog.
The eleionoma shouts!
Your tail-slap misses the goliath frog.
The goliath frog barely misses you.
The eleionoma flows through the trees.
You block the goliath frog's attack.
You regained 2 hp, and now have 107/127 hp.
Your unstable footing causes you to fumble your attack.
The eleionoma hits you!
A demonic guardian appears!
The goliath frog hits you! The acid corrodes you!
You are splashed with acid.
You take 34 damage, and have 73/127 hp.
MASSIVE DAMAGE!!
You are too injured to fight recklessly!
You are too injured to fight recklessly!
You are too injured to fight recklessly!
You are too injured to fight recklessly!
A red film seems to cover your vision as you go berserk!
You feel yourself moving faster!
You feel mighty! The eleionoma hits you. The goliath frog misses you.
You now have 104/190 hp.
You barely miss the goliath frog. You slice the eleionoma!!
The eleionoma hurls a spray of splinters at you.
The spray of wooden splinters hits you!!!
* * * LOW HITPOINT WARNING * * *
The spray of wooden splinters misses your rust devil.
The goliath frog barely misses you.
You take 56 damage, and have 48/190 hp.
MASSIVE DAMAGE!!
Your unstable footing causes you to fumble your attack.
The goliath frog hits you!!
* * * LOW HITPOINT WARNING * * *
You are splashed with acid!
* * * LOW HITPOINT WARNING * * *
The eleionoma hits you!!
You die...

♣♣♣♣ ♣♣~~♣♣♣♣♣♣♣♣♣♣♣
♣♣(~~§.~~.~~...♣♣♣
..~~~~~....~~~.~.♣
.~[<..~♣...~~~~~.♣♣
..~♣......>~~..[..♣♣♣♣
♣♣♣..)..~~...§.~~.~.~♣♣♣
♣~~.~~~~~~....~~~4~....♣
♣..~§~~†....~§~§@~~.~...
♣^~~~~~~.~~~~§○R☼F.~♣...
.~~~~~~~...~~~☼♣♣♣~♣♣
.~~~~~~~~..>...♣ §♣
♣~..~~.~~~♣~...~.) . ~
♣♣~....~~~♣.....{. ..
♣♣♣~.~♣..~~.~~.♣♣. ..
♣♣♣♣♣~♣♣.~~.~~~ ~.~ ♣♣♣
.....♣♣


You could see an eleionoma, a goliath frog (ally target) and a friendly rust
devil (summoned).

Vanquished Creatures
  Nikola (Swamp:3)
  A thorn hunter (Swamp:1)
  Gastronok (D:12)
  Kirke (D:12)
  A reaper (IceCv)
  The ghost of DocSulfur the Brawler, a journeyman TrBe of Trog (Lair:5)
  3 eleionomae
  Snorg (D:12)
  2 fire dragons
  3 demonspawn (Orc:2)
  4 hydras
  An ice dragon (D:15)
  An ogre mage (D:15)
  3 boulder beetles
  A ghost crab (Swamp:1)
  2 alligators
  6 centaur warriors
  10 two-headed ogres
  2 tengu warriors (D:11)
  A death yak (Lair:1)
  7 orc high priests (Orc:2)
  Sonja (D:13)
  A goliath frog (Swamp:2)
  3 skeletal warriors (D:14)
  A skyshark (Lair:5)
  A spriggan druid (Swamp:1)
  3 swamp dragons
  2 wizards (D:13)
  4 bog bodies
  Pikel (D:7)
  5 orc knights
  4 deep elf pyromancers
  2 orc sorcerers (Orc:2)
  6 cyclopes
  2 ugly things (D:13)
  A will-o-the-wisp (Swamp:2)
  10 elephants (Lair:5)
  2 manticores
  2 ice statues (IceCv)
  A torpor snail (Lair:1)
  Maurice (D:8)
  3 black mambas
  Jeremiah (D:7)
  10 cane toads
  An unseen horror (D:12)
  8 rime drakes
  An unseen horror (shapeshifter) (D:13)
  A freezing wraith (IceCv)
  3 kobold demonologists
  7 komodo dragons
  8 ice devils
  A meliai (Lair:2)
  11 trolls
  3 polar bears
  A bloated husk (Swamp:1)
  A hellwing (Orc:2)
  A wolf spider simulacrum (D:15)
  7 hornets
  17 blink frogs
  Grinder (Sewer)
  7 dream sheep
  3 tyrant leeches
  The ghost of Takeo the Slasher, an amateur TeGl of Wu Jian (D:4)
  20 slime creatures
  A centaur simulacrum (D:14)
  68 yaks
  A vampire (D:12)
  2 wraiths
  7 spriggans (Swamp:1)
  2 shadows
  5 basilisks
  4 wyverns
  2 death yak simulacra (IceCv)
  4 steam dragons
  10 vampire mosquitoes
  5 wargs
  Menkaure (D:4)
  A harpy simulacrum (IceCv)
  9 swamp worms
  2 acid dragons
  14 water moccasins
  2 hydra simulacra (IceCv)
  7 swamp drakes
  A sky beast (D:8)
  2 black bears
  2 ice beasts
  31 orc warriors
  10 ogres
  13 wolves
  7 centaurs
  2 phantoms
  7 kobold brigands
  11 bullfrogs
  8 scorpions
  2 two-headed ogre simulacra (IceCv)
  11 wights
  2 elephant simulacra (IceCv)
  21 killer bees
  5 howler monkeys
  A vampire bat (Lair:1)
  4 crimson imps (D:4)
  3 quasits (D:4)
  2 jellies (Lair:4)
  19 orc priests
  4 hounds
  3 sleepcaps
  5 iguanas
  16 orc wizards
  3 spriggan simulacra (IceCv)
  3 troll simulacra (IceCv)
  3 gnolls (D:6)
  2 river rats (D:4)
  7 adders
  2 shadow imps
  3 white imps
  8 ufetubi
  An adder zombie (Sewer)
  3 worms
  2 dart slugs
  100 orcs
  23 bats
  8 endoplasms
  5 giant cockroaches
  6 goblins
  5 hobgoblins
  35 kobolds
  7 quokkas
  10 ball pythons
  7 frilled lizards
  5 rats
810 creatures vanquished.

Vanquished Creatures (collateral kills)
  A catoblepas (Lair:4)
  2 death yaks (Lair:1)
  An orc high priest (Orc:2)
  A bog body (Swamp:2)
  An orc sorcerer (Orc:2)
  A deep elf pyromancer (D:14)
  A komodo dragon (Lair:5)
  2 dream sheep (Lair:5)
  A basilisk (Lair:1)
  A spriggan (Swamp:1)
  A yak (Lair:1)
  A swamp worm (Swamp:1)
  A chaos spawn (Orc:2)
  6 orc warriors (Orc:2)
  An orc priest (Orc:2)
  Crazy Yiuf (D:3)
  An iguana (D:4)
  2 orc wizards (Orc:2)
  3 orcs (Orc:2)
  A giant cockroach (D:2)
  A jackal (D:2)
  A kobold (D:9)
  A quokka (D:4)
33 creatures vanquished.

Vanquished Creatures (others)
  An orc sorcerer (Orc:1)
  2 bloated husks
  2 foxfires (Swamp:2)
5 creatures vanquished.

Grand Total: 848 creatures vanquished

Notes
Turn   | Place    | Note
-------+----------+-------------------------------------------
     0 | D:1      | Dirtsage the Demonspawn Berserker began the quest for the
                  | Orb.
     0 | D:1      | Reached XP level 1. HP: 18/18 MP: 1/1
    47 | D:1      | Reached skill level 3 in Axes
   288 | D:1      | Gained mutation: A weak demonic guardian rushes to your
                  | aid. [demonic ancestry]
   288 | D:1      | Reached XP level 2. HP: 13/24 MP: 2/2
  1171 | D:2      | Discovered your monstrous ancestry.
  1171 | D:2      | Gained mutation: You have a pair of small antennae on your
                  | head. [demonic ancestry]
  1171 | D:2      | Reached XP level 3. HP: 29/29 MP: 3/3
  1172 | D:2      | Reached skill level 4 in Axes
  1438 | D:2      | Found a shimmering blue altar of Sif Muna.
  2022 | D:3      | Found an iron altar of Okawaru.
  2035 | D:3      | Reached XP level 4. HP: 26/35 MP: 4/4
  2178 | D:3      | Reached skill level 5 in Axes
  2250 | D:3      | Reached ** piety under Trog
  2526 | D:3      | Found a runed translucent door.
  2527 | D:3      | Noticed Crazy Yiuf
  2533 | D:3      | Killed Crazy Yiuf
  2534 | D:3      | Reached XP level 5. HP: 41/41 MP: 5/5
  2619 | D:4      | Reached skill level 6 in Axes
  2622 | D:4      | Gained mutation: You have a pair of antennae on your head.
                  | [demonic ancestry]
  2622 | D:4      | Reached XP level 6. HP: 28/47 MP: 6/6
  2864 | D:4      | Reached skill level 7 in Axes
  2973 | D:4      | Found a glowing drain.
  2997 | Sewer    | Entered a sewer
  3207 | Sewer    | Found an ancient bone altar of Kikubaaqudgha.
  3218 | Sewer    | Gained mutation: You have sharp fingernails. [demonic
                  | ancestry]
  3218 | Sewer    | Reached XP level 7. HP: 52/52 MP: 7/7
  3273 | Sewer    | Noticed Grinder
  3282 | Sewer    | Paralysed by Grinder for 3 turns
  3291 | Sewer    | Killed Grinder
  3292 | Sewer    | Reached skill level 8 in Axes
  3389 | Sewer    | Gained mutation: You possess an exceptional clarity of
                  | mind. [potion of mutation]
  3389 | Sewer    | Gained mutation: Your mind is acute. (Int +4, Str/Dex -1)
                  | [potion of mutation]
  3643 | D:4      | Found a shimmering altar of Xom.
  3644 | D:4      | Found a transporter.
  3699 | D:4      | Reached skill level 9 in Axes
  3699 | D:4      | Gained mutation: You have a pair of large antennae on your
                  | head. (SInv) [demonic ancestry]
  3699 | D:4      | Reached XP level 8. HP: 58/58 MP: 8/8
  3700 | D:4      | Found a transporter.
  3702 | D:4      | Noticed Takeo's ghost (amateur TeGl)
  3827 | D:4      | Reached *** piety under Trog
  3963 | D:4      | Noticed Menkaure
  3973 | D:4      | Killed Menkaure
  4221 | D:4      | Killed Takeo's ghost
  4222 | D:4      | Reached skill level 10 in Axes
  4287 | D:5      | Entered Level 5 of the Dungeon
  5046 | D:5      | Reached skill level 11 in Axes
  5153 | D:5      | Gained mutation: You have a small tail. [demonic ancestry]
  5153 | D:5      | Reached XP level 9. HP: 58/63 MP: 9/9
  5194 | D:5      | Found a sacrificial altar of Ru.
  5312 | D:6      | Found a staircase to the Ecumenical Temple.
  5323 | Temple   | Entered the Ecumenical Temple
  5502 | D:6      | Found a blossoming altar of Fedhas.
  5762 | D:6      | Found a hazy altar of Hepliaklqana.
  6362 | D:7      | Noticed Pikel
  6378 | D:7      | Killed Pikel
  6379 | D:7      | Reached skill level 12 in Axes
  6846 | D:7      | Noticed Jeremiah
  6871 | D:7      | Killed Jeremiah
  6872 | D:7      | Reached skill level 13 in Axes
  7067 | D:7      | You fall into a shaft and drop 1 floor!
  7101 | D:8      | Noticed a two-headed ogre
  7112 | D:8      | Killed a two-headed ogre
  7113 | D:8      | Gained mutation: You have very sharp fingernails. [demonic
                  | ancestry]
  7113 | D:8      | Reached XP level 10. HP: 65/70 MP: 10/10
  7550 | D:8      | Noticed Maurice
  7559 | D:8      | Killed Maurice
  7560 | D:8      | Reached skill level 14 in Axes
  7759 | D:8      | Found a shimmering blue altar of Sif Muna.
  7853 | D:8      | Reached **** piety under Trog
  7904 | D:9      | Noticed a cyclops
  7911 | D:9      | Killed a cyclops
  8122 | D:9      | Paralysed by a hornet for 1 turns
  8141 | D:9      | Reached skill level 15 in Axes
  8557 | D:9      | Gained mutation: You have a tail ending in a sharp stinger.
                  | [demonic ancestry]
  8557 | D:9      | Reached XP level 11. HP: 75/75 MP: 11/11
  8606 | D:9      | Found an ancient bone altar of Kikubaaqudgha.
  8920 | D:9      | Found a staircase to the Lair.
  9097 | D:10     | Entered Level 10 of the Dungeon
  9577 | D:10     | Reached skill level 16 in Axes
  9602 | D:10     | Reached ***** piety under Trog
 10263 | D:10     | Noticed a two-headed ogre
 10270 | D:10     | Killed a two-headed ogre
 10602 | Lair:1   | Entered Level 1 of the Lair of Beasts
 10602 | Lair:1   | Noticed a death yak
 10602 | Lair:1   | Noticed a death yak
 10602 | Lair:1   | Noticed a death yak
 10616 | Lair:1   | Killed a death yak
 10618 | Lair:1   | Killed a death yak
 10619 | Lair:1   | Killed a death yak
 10620 | Lair:1   | Reached skill level 17 in Axes
 10881 | Lair:1   | HP: 2/75 [cane toad (20)]
 11249 | Lair:1   | Upgraded the game from 0.31-a0-672-g7da72447bb to
                  | 0.31-a0-675-g238779eb0a
 11284 | Lair:1   | Gained mutation: Your demonic aura sometimes causes spilled
                  | blood to erupt in flames. [demonic ancestry]
 11284 | Lair:1   | Reached XP level 12. HP: 81/81 MP: 12/12
 11512 | Lair:1   | Identified the +10 sling of Resourcefulness {flame, Str+4
                  | Dex+3}
 11766 | Lair:1   | Reached skill level 18 in Axes
 13073 | Lair:2   | Reached skill level 19 in Axes
 13323 | Lair:2   | Found a staircase to the Swamp.
 13464 | Lair:2   | Found a hole to the Spider Nest.
 14497 | Lair:3   | Reached skill level 1 in Evocations
 14745 | Lair:3   | Gained mutation: Your demonic aura often causes spilled
                  | blood to erupt in flames. [demonic ancestry]
 14745 | Lair:3   | Reached XP level 13. HP: 70/88 MP: 13/13
 15026 | Lair:3   | Identified the +2 scale mail of the Armadillo {Rampage rC+
                  | Str-3}
 16108 | Lair:4   | Found a viscous altar of Jiyva.
 16109 | Lair:4   | Found a staircase to the Slime Pits.
 16116 | Lair:4   | Reached skill level 5 in Fighting
 16594 | Slime:1  | Entered Level 1 of the Pits of Slime
 16594 | Slime:1  | Noticed a rockslime
 16635 | Lair:5   | Entered Level 5 of the Lair of Beasts
 17148 | Lair:5   | Reached skill level 5 in Armour
 17148 | Lair:5   | Received a gift from Trog
 17149 | Lair:5   | Reached skill level 5 in Evocations
 18078 | Lair:5   | Noticed a fire dragon
 18095 | Lair:5   | Killed a fire dragon
 18370 | Lair:5   | Reached XP level 14. HP: 91/103 MP: 14/14
 18473 | Lair:5   | Found a runed translucent door.
 18474 | Lair:5   | Noticed DocSulfur's ghost (journeyman TrBe)
 18978 | Lair:5   | Killed DocSulfur's ghost
 18980 | Lair:5   | Identified the amulet "Cugyo" {-Cast rPois rF+ Regen+}
 19416 | D:11     | Reached skill level 20 in Axes
 19950 | D:12     | Found a staircase to the Orcish Mines.
 19960 | D:12     | Reached skill level 1 in Shields
 19973 | D:12     | Received a gift from Trog
 20138 | D:12     | Noticed Gastronok
 20151 | D:12     | Killed Gastronok
 20193 | D:12     | Noticed Snorg
 20199 | D:12     | Killed Snorg
 20480 | D:12     | Noticed Kirke
 20489 | D:12     | Killed Kirke
 20864 | D:13     | Noticed Sonja
 20872 | D:13     | Killed Sonja
 20931 | D:13     | Found a frozen archway.
 20949 | IceCv    | Entered an ice cave
 21148 | IceCv    | Reached skill level 5 in Shields
 21291 | IceCv    | Reached ****** piety under Trog
 21309 | IceCv    | Noticed a reaper
 21330 | IceCv    | Killed a reaper
 21659 | D:13     | Found a portal to a secret trove of treasure.
 21810 | D:13     | Received a gift from Trog
 21811 | D:13     | Reached XP level 15. HP: 115/115 MP: 15/15
 21825 | D:13     | Found a gate to the Vaults.
 22181 | Orc:1    | Entered Level 1 of the Orcish Mines
 22273 | Orc:2    | Entered Level 2 of the Orcish Mines
 22278 | Orc:2    | Found a staircase to the Elven Halls.
 22290 | Orc:2    | Found Ytujag's Gadget Gallery.
 22391 | Orc:2    | Found Juerrien's General Store.
 22395 | Orc:2    | Found Liokk's General Store.
 22435 | Orc:2    | Reached skill level 10 in Fighting
 22898 | Orc:2    | Bought a potion of heal wounds for 65 gold pieces
 22898 | Orc:2    | Bought a scroll of blinking for 97 gold pieces
 22937 | Orc:2    | Received a gift from Trog
 22981 | Orc:2    | Found Hietiar's Book Shop.
 22981 | Orc:2    | Found Leci's Antique Weapon Boutique.
 22981 | Orc:2    | Found a one-way gate leading to the halls of Pandemonium.
 23143 | Orc:2    | Bought a phial of floods for 520 gold pieces
 23143 | Orc:2    | Bought a condenser vane for 520 gold pieces
 23841 | D:15     | Entered Level 15 of the Dungeon
 24264 | D:15     | Found a staircase to the Depths.
 24559 | Orc:1    | Received a gift from Trog
 25190 | Swamp:1  | Entered Level 1 of the Swamp
 25587 | Swamp:1  | Reached skill level 10 in Armour
 25639 | Swamp:1  | Noticed a thorn hunter
 25649 | Swamp:1  | Killed a thorn hunter
 25692 | Swamp:1  | Reached skill level 10 in Shields
 25850 | Swamp:1  | Gained mutation: You have claws for hands. [demonic
                  | ancestry]
 25850 | Swamp:1  | Reached XP level 16. HP: 99/125 MP: 16/16
 27122 | Swamp:3  | Noticed Nikola
 27128 | Swamp:3  | Killed Nikola
 27275 | Swamp:3  | Slain by an eleionoma

Illustrated notes

Levels and vault maps discovered:
D:1:      dpeg_arrival_stonehenge_8_columns, layout_loops_corners, serial_bayou,
          serial_bayou_pond_a, serial_bayou_pond_a, serial_bayou_pond_d,
          serial_bayou_shore_a
D:2:      layout_basic, basic_altar, serial_rivers,
          chequers_serial_rivers_small_a, chequers_serial_rivers_small_a,
          chequers_serial_rivers_micro_a, chequers_serial_rivers_large_a,
          chequers_serial_rivers_room_a, minmay_tetromino_l4
D:3:      cheibrodos_old_hovel, layout_rooms, mainiacjoe_overflow_alcove_1,
          solitary_fountain, uniq_crazy_yiuf_cottage
D:4:      minmay_angry_zag, layout_cave_pools, led_xom_imps,
          gup_sewer_entry_bubbles, gammafunk_ghost_stat_death, uniq_menkaure
D:5:      layout_loops_ring, nicolae_ru_path_of_blood, st_stairs_14,
          fountainhead
D:6:      layout_loops_cross, nzn_hepliaklqana_mist_gate,
          fedhas_bush_and_centaur_altar, temple_hall, nicolae_lava_and_water,
          kennysheep_small_spiral
D:7:      layout_loops_ring, uniq_jeremiah, uniq_pikel
D:8:      old_forge, layout_cave_pools, led_sif_pool, uniq_maurice
D:9:      layout_loops_ring, nicolae_kikubaaqudgha_miasma_corner,
          grunt_lair_entry_orc_guard_hut, grunt_ministairs_4, minmay_circle_x
D:10:     layout_basic, elyvilon_altar_3
D:11:     layout_basic
D:12:     layout_loops_corners, david_orc_3, uniq_kirke, uniq_snorg,
          uniq_gastronok
D:13:     layout_roguey [special_room_orc], david_vaults_1,
          portal_ice_cave_demonic_guard, enter_trove_1,
          nicolae_figureground_sparkle, uniq_sonja
D:14:     layout_cave_pools, dreamdust_princess_bridge
D:15:     grunt_enter_depths_hoard, layout_cave_pools
Temple:   jpeg_temple_clearing
Lair:1:   layout_cellular_growth, roderic_batcave, grunt_megastairs_2
Lair:2:   layout_roguey, skrybe_swamp_entry_bodies,
          hellmonk_spider_entry_not_the_bees
Lair:3:   layout_regular_city, pond, grunt_megastairs_4
Lair:4:   layout_loops_ring, nicolae_slime_entry_field_trip
Lair:5:   guppyfry_lair_end_dragon, layout_hall_layers, gammafunk_ghost_grave,
          guppyfry_lair_drakes
Swamp:1:  layout_basic_swamp, nicolae_swamp_treefoil
Swamp:2:  layout_basic_swamp, hangedman_swamp_blocks
Swamp:3:  layout_basic_swamp, evilmike_swamp_ruin_house_2, swamp_pool4,
          grunt_hermit_hut, uniq_jorgrun, uniq_nikola, uniq_bai_suzhen
Slime:1:  layout_caves
Orc:1:    layout_caves
Orc:2:    pf_orc_diabolical, layout_caves, basic_altar, nicolae_shop_gadgets

Skill      XL: |  1  2  3  4  5  6  7  8  9 10 11 12 13 14 15 |
---------------+----------------------------------------------+-----
Axes           | 3 4 5 6 7 9 11 13 15 17 19 20 | 20.0
Armour         | 2 6 8 10 | 10.6
Evocations     | 2 5 |  5.6
Fighting       | 7 9 11 | 11.8
Shields        | 6 10 | 10.9
Dodging        | |  1.7

Action                     |  1- 3 |  4- 6 |  7- 9 | 10-12 | 13-15 | 16-18 || total
---------------------------+-------+-------+-------+-------+-------+-------++-------
  Melee: Hand axe          |   138 |   204 |   338 |       |       |       ||   680
         Punch             |     1 |     1 |     5 |    12 |     4 |       ||    23
         War axe           |       |       |    51 |   630 |   216 |       ||   897
         Tailslap          |       |       |    28 |    93 |   215 |    19 ||   355
         Executioner's axe |       |       |       |       |   162 |       ||   162
         Broad axe         |       |       |       |       |   642 |   108 ||   750
  Throw: Dart              |       |       |       |     1 |     2 |       ||     3
 Invoke: Berserk           |     3 |     4 |    11 |    16 |    20 |     4 ||    58
         Trog's Hand       |       |       |     2 |     2 |     1 |       ||     5
         Brothers in Arms  |       |       |       |     1 |     2 |       ||     3
  Evoke: Wand              |       |       |       |       |     1 |       ||     1
    Use: Scroll            |       |     2 |     2 |    11 |    11 |     1 ||    27
         Potion            |       |       |     2 |     3 |     3 |       ||     8
   Stab: Sleeping          |     1 |       |       |       |       |       ||     1
         Invisible         |       |       |       |     1 |       |       ||     1
         Distracted        |       |       |       |     1 |       |       ||     1
         Confused          |       |       |       |       |     2 |       ||     2
         Paralysed         |       |       |       |       |     2 |       ||     2
 Armour: Animal skin       |    71 |       |       |       |       |       ||    71
         Chain mail        |       |   127 |   189 |   301 |    11 |       ||   628
         Scale mail        |       |       |       |       |   562 |    94 ||   656
         Skin              |       |       |       |       |     6 |       ||     6
  Dodge: Dodged            |   102 |   105 |   224 |   361 |   413 |    52 ||  1257
  Block: Buckler           |       |       |       |       |    66 |    28 ||    94
         Tower shield      |       |       |       |       |   304 |       ||   304

Table legend: (Time is in decaauts)
 A = Elapsed time spent in this place.
 B = Non-inter-level travel time spent in this place.
 C = Inter-level travel time spent in this place.
 D = Time resting spent in this place.
 E = Time spent auto-exploring this place.
 F = Levels seen in this place.
 G = Mean time per level.
                   A        B        C        D        E       F      G
               +--------+--------+--------+--------+--------+-----+--------+
         Total |  27584 |  25879 |   1705 |   3554 |  17705 |  29 |  951.2 |
       Dungeon |  14249 |  13326 |    923 |    942 |   9963 |  15 |  949.9 |
        Temple |      1 |      1 |      0 |      0 |      0 |   1 |    1.0 |
          Lair |   8695 |   8182 |    513 |   1771 |   5304 |   5 | 1739.0 |
         Swamp |   1912 |   1860 |     52 |    232 |   1279 |   3 |  637.3 |
    Slime Pits |      1 |      1 |      0 |      0 |      0 |   1 |    1.0 |
  Orcish Mines |   1533 |   1318 |    215 |    156 |    815 |   2 |  766.5 |
         Sewer |    629 |    629 |      0 |    256 |    231 |   1 |  629.0 |
      Ice Cave |    560 |    560 |      0 |    195 |    112 |   1 |  560.0 |
               +--------+--------+--------+--------+--------+-----+--------+

Top non-repeatable levels by time:
  Lair:5: 2349 daAuts
  Lair:1: 2125 daAuts
  Lair:3: 1673 daAuts
  Lair:2: 1592 daAuts
    D:10: 1558 daAuts
     D:9: 1279 daAuts
     D:4: 1084 daAuts
     D:2: 1081 daAuts
     D:6: 1074 daAuts
    D:12: 1024 daAuts
     D:1: 990 daAuts
     D:5: 971 daAuts
   Orc:2: 961 daAuts
  Lair:4: 954 daAuts
    D:13: 920 daAuts
